 Dungeon Crawl Stone Soup version 0.17-a0-1468-gbf503c2 (webtiles) character file.

12 Sirial the Magician (level 2, 0/19 HPs)
             Began as a Merfolk Wanderer on July 1, 2015.
             Slain by a kobold
             ... wielding a +0 dagger
              (3 damage)
             ... on level 1 of the Dungeon.
             The game lasted 00:04:59 (627 turns).

Sirial the Magician (Merfolk Wanderer)               Turns: 627, Time: 00:04:59

Health: 0/19       AC:  3    Str: 13    XL:     2   Next: 33%
Magic:  4/5        EV: 11    Int: 10    God:
Gold:   55         SH:  0    Dex: 13    Spells: 1 memorised, 5 levels left

rFire  + . .     SeeInvis .     e - +0 club
rCold  + . .     Clarity  .     d - +1 robe
rNeg   . . .     SustAt   .     (no shield)
rPois  +         Gourm    .     (no helmet)
rElec  +         Spirit   .     (no cloak)
rCorr  +         Warding  .     (no gloves)
rMut   .         Stasis   .     (no boots)
MR     .....                    (no amulet)
Stlth  ++........               (no ring)
                                (no ring)

@: resistant, not resistant to hostile enchantments, unstealthy
A: change form in water, swift swim
a: no special abilities


You were on level 1 of the Dungeon.
You were not hungry.

You visited 1 branch of the dungeon, and saw 1 of its levels.

You collected 55 gold pieces.

Inventory:

Hand weapons
 e - a +0 club (weapon)
Missiles
 j - 32 bolts
 p - 14 bolts of frost
Armour
 d - a +1 robe (worn)
Jewellery
 k - an uncursed amulet of warding {unknown}
 l - a cursed ring of loudness {unknown}
Scrolls
 c - a scroll of teleportation
 m - a scroll of identify {unknown}
 n - a scroll of enchant weapon {unknown}
Books
 a - a book of Maledictions

   Spells                             Type                      Level
   a - Corona                         Hexes                        1
   b - Ensorcelled Hibernation        Hexes/Ice                    2
   c - Confuse                        Hexes                        3
   d - Tukima's Dance                 Hexes                        3
   e - Dazzling Spray                 Conjuration/Hexes            3
 b - Sif Muna's Incunabulum of Companions

   Spells                             Type                      Level
   a - Summon Small Mammal            Summoning                    1
   b - Summon Guardian Golem          Hexes/Summoning              3
Comestibles
 f - a bread ration
 i - a slice of pizza


   Skills:
 + Level 0.1 Maces & Flails
 + Level 1.0 Throwing
 + Level 0.3 Dodging
 + Level 1.2 Stealth
 + Level 2.5 Spellcasting
   Level 2.0 Hexes
 + Level 0.4 Summonings
   Level 1.0 Fire Magic
   Level 2.1 Ice Magic
   Level 1.1 Poison Magic


You had 5 spell levels left.
You knew the following spells:

 Your Spells              Type           Power        Failure   Level  Hunger
a - Summon Small Mammal   Summ           #...         24%         1    ##.....


Dungeon Overview and Level Annotations

Branches:
Dungeon (1/15)

Altars:


Message History

You swap places.
You swap places.
Your bat disappears in a puff of smoke!
You swap places.
Your bat disappears in a puff of smoke!
Your rat disappears in a puff of smoke!
Your magical contamination has completely faded away.
Your rat disappears in a puff of smoke!
A kobold comes into view. It is wielding a dagger.
The kobold shouts!
The kobold throws a stone.
The stone hits you.
* * * LOW HITPOINT WARNING * * *
You see here a stone.
The kobold hits you with a dagger.
* * * LOW HITPOINT WARNING * * *
You hit the kobold but do no damage. The kobold hits you but does no damage.
You hit the kobold.
The kobold is severely wounded.
The kobold hits you with a dagger.
You die...

*,**,*,*,*,*,*,
*,**,*,*,*,*,,,
*,**,*,,,,,***,
*,*,,,,,,,,* *,
*,,,,*,#...* *,
*,,,,,,*...***,
*#..##**...>,*,
########....,,..#*,*,
#..(@K.....#**#.#*,,,
#.######.#.####.#####
#....................
#..........####.#####
#)...###...#.........
##...# #...#.##.#>##.
#...###...#.##.#....
#......†..#.##.#.##.
#...##....#.##.#.##.


You could see a kobold.

Vanquished Creatures
  A bat (D:1)
  A hobgoblin (D:1)
  A jackal (D:1)
  A rat (D:1)
4 creatures vanquished.

Vanquished Creatures (collateral kills)
  4 giant cockroaches (D:1)
  A hobgoblin (D:1)
  2 jackals (D:1)
  A giant newt (D:1)
  A goblin (D:1)
  A rat (D:1)
10 creatures vanquished.

Grand Total: 14 creatures vanquished

Notes
Turn   | Place    | Note
--------------------------------------------------------------
     0 | D:1      | Sirial the Merfolk Wanderer began the quest for the Orb.
     0 | D:1      | Sirial set off with: a book of Maledictions, Sif Muna's Incunabulum of Companions, a scroll of teleportation, a +0 robe, a +0 club, a bread ration
     0 | D:1      | Reached XP level 1. HP: 13/13 MP: 3/3
     5 | D:1      | Learned a level 1 spell: Summon Small Mammal
   443 | D:1      | Reached XP level 2. HP: 11/19 MP: 0/5
   627 | D:1      | Slain by a kobold

Vault maps used:
D:1:      dpeg_arrival_arbitrary_c

Action                   || total
-------------------------++-------
Melee: Club              ||    36
 Cast: Summon Small Mamm ||    29
  Use: Scroll            ||     2
       Potion            ||     3
 Stab: Distracted        ||     1
